 Dungeon Crawl Stone Soup version 0.32-a0-433-g08bcfe7efd (webtiles) character file.

Game seed: 3092297707940306078

44 retardedninja the Covered (level 3, -3/33 HPs)
             Began as a Mountain Dwarf Fighter on Feb 22, 2024.
             Slain by Sigmund
             ... wielding a +0 scythe
              (6 damage)
             ... on level 2 of the Dungeon.
             The game lasted 00:00:57 (700 turns).

retardedninja the Covered (Mountain Dwarf Fighter)   Turns: 700, Time: 00:00:57

Health: -3/33      AC:  7    Str: 20    XL:     3   Next: 39%
Magic:  3/3        EV:  9    Int:  8    God:
Gold:   105        SH:  4    Dex:  9    Spells: 2/2 levels left

rFire   . . .        a - +0 war axe
rCold   . . .        c - +0 buckler
rNeg    . . .        b - +0 scale mail
rPois   .            (no helmet)
rElec   .            (no cloak)
rCorr   .            (no gloves)
SInv    .            (no boots)
Will    .....        (no amulet) Stlth
                     (no ring)
HPRegen 0.25/turn    (no ring)
MPRegen 0.08/turn

%: no passive effects
@: mighty
A: runic magic, artefact enchanting
a: no special abilities


You were on level 2 of the Dungeon.
You visited 1 branch of the dungeon, and saw 2 of its levels.

You collected 105 gold pieces.

Inventory:

Hand Weapons
 a - a +0 war axe (weapon)
Armour
 b - a +0 scale mail (worn)
 c - a +0 buckler (worn)
Scrolls
 e - a scroll of teleportation {unknown}
 f - a scroll of enchant armour {unknown}
 h - 2 scrolls of identify {unknown}
Potions
 i - a potion of magic {unknown}


   Skills:
 + Level 3.7 Fighting
 + Level 3.1 Axes
 + Level 3.8 Armour
 + Level 3.7 Shields


You had 2 spell levels left.
You didn't know any spells.
Your spell library was empty.

Dungeon Overview and Level Annotations

Branches:
Dungeon (2/15)

Altars:

Annotations:
D:2 Sigmund


Innate Abilities, Weirdness & Mutations

Your spellcasting is much less encumbered by armour.
You can use scrolls of enchantment on lesser artefacts.


Message History

Sigmund mumbles some strange words.
Sigmund flickers and vanishes!
Deactivating autopickup; reactivate with Ctrl-A.
The kobold barely misses you. The rat barely misses you. Something hits you!
* * * LOW HITPOINT WARNING * * *
You hit something. You slash the kobold!
You kill the kobold!
You closely miss the rat. You barely miss the rat.
You feel less confused. The rat barely misses you. You block the rat's attack.
The rat bites you but does no damage. x2
Something hits you but does no damage.
You miss something. You slash the rat!
You kill the rat!
You slash the rat!
You kill the rat!
A rat comes into view.
The rat bites you but does no damage.
You miss something. You closely miss the rat.
Something hits you but does no damage. The rat closely misses you.
You closely miss something. You hit the rat.
A rat comes into view.
Something hits you but does no damage. You block the rat's attack.
You barely miss something. You closely miss the rat.
The rat squeaks loudly.
You slash the rat!
You kill the rat!
You hear a loud squeak.
The rat bites you but does no damage. Something hits you.
* * * LOW HITPOINT WARNING * * *
A rat comes into view.
The rat completely misses you.
You miss something. You closely miss the rat.
The rat squeaks loudly.
You hear a loud squeak.
Something hits you.
* * * LOW HITPOINT WARNING * * *
The rat barely misses you.
You slash something! You closely miss the rat. You block the rat's attack.
Something hits you.
You die...

###.....#####.................#
.#............†...............#
...##......##..................#
........##.##...............##.#
.####...##.##.......#.####.....#
## #....#.###..$...).# .......
##.#...#.....$##..##.#..##.#
#.###.......†.......#..# ..# #.
..#....@†........... ..
#.....{rr##..#..
#.......>......#
..#.<....r#....#
.........#....## .........#r.###
............# .......... ..
###..##..#....


You could see 4 rats.

Vanquished Creatures
  A dart slug (D:2)
  2 ribbon worms (D:2)
  3 ball pythons (D:1)
  5 endoplasms
  A hobgoblin (D:2)
  8 jackals (D:1)
  4 kobolds
  A quokka (D:2)
  8 rats
33 creatures vanquished.

Notes
Turn   | Place    | Note
-------+----------+-------------------------------------------
     0 | D:1      | retardedninja the Mountain Dwarf Fighter began the quest
                  | for the Orb.
     0 | D:1      | Reached XP level 1. HP: 19/19 MP: 1/1
    77 | D:1      | Reached XP level 2. HP: 25/26 MP: 2/2
    95 | D:1      | Found a faded altar of an unknown god.
   449 | D:2      | Reached XP level 3. HP: 12/31 MP: 3/3
   679 | D:2      | Noticed Sigmund
   700 | D:2      | Slain by Sigmund

Illustrated notes

Levels and vault maps discovered:
D:1:      lightli_arrival_chessboard, layout_rooms,
          shapermc_ecumenical_altar_starsandcircs
D:2:      layout_rooms, minmay_rat_hole, uniq_sigmund

Skill      XL: |  1  2 |
---------------+-------+-----
Axes           | 3 |  3.1
Fighting       | |  3.7
Armour         | |  3.8
Shields        | |  3.7

Action                     || total
---------------------------++-------
  Melee: War axe           ||    83
    Use: Potion            ||     2
 Armour: Scale mail        ||    81
  Dodge: Dodged            ||    51
  Block: Buckler           ||    12

Table legend: (Time is in decaauts)
 A = Elapsed time spent in this place.
 B = Non-inter-level travel time spent in this place.
 C = Inter-level travel time spent in this place.
 D = Time resting spent in this place.
 E = Time spent auto-exploring this place.
 F = Levels seen in this place.
 G = Mean time per level.
                   A        B        C        D        E       F      G
               +--------+--------+--------+--------+--------+-----+--------+
         Total |    733 |    713 |     20 |      0 |    511 |   2 |  366.5 |
       Dungeon |    733 |    713 |     20 |      0 |    511 |   2 |  366.5 |
               +--------+--------+--------+--------+--------+-----+--------+

Top non-repeatable levels by time:
     D:1: 423 daAuts
     D:2: 309 daAuts
